 Dungeon Crawl Stone Soup version 0.17-a0-119-g2b06fc5 (webtiles) character file.

392 xeno23 the Chiller (level 6, -4/44 HPs)
             Began as a Merfolk Ice Elementalist on Mar 20, 2015.
             Was an Initiate of Ashenzari.
             Killed by divine providence
             ... invoked by an orc priest
              (13 damage)
             ... on level 4 of the Dungeon.
             The game lasted 00:23:58 (3782 turns).

xeno23 the Chiller (Merfolk Ice Elementalist)       Turns: 3782, Time: 00:23:58

Health: -4/44      AC:  9    Str:  8    XL:     6   Next: 80%
Magic:  0/13       EV: 14    Int: 16    God:    Ashenzari [......]
Gold:   174        SH:  0    Dex: 15    Spells: 3 memorised, 5 levels left

rFire  . . .     SeeInvis .     x - +0 spear
rCold  . . .     Clarity  .     a - +0 robe
rNeg   . . .     SustAb   .     (no shield)
rPois  .         Gourm    .     f - +0 helmet
rElec  .         Spirit   .     (no cloak)
rCorr  .         Warding  .     (no gloves)
rMut   .         Stasis   .     (no boots)
MR     .....                    (no amulet)
Stlth  ++........               (no ring)
                                (no ring)

@: icy armour (expiring), very slightly contaminated, not resistant to hostile
enchantments, unstealthy
A: change form in water, swift swim
a: Renounce Religion


You were on level 4 of the Dungeon.
You worshipped Ashenzari.
Ashenzari was noncommittal.
You were hungry.

You visited 1 branch of the dungeon, and saw 4 of its levels.

You collected 174 gold pieces.

Inventory:

Hand weapons
 x - a +0 spear (weapon)
Missiles
 g - 55 stones (quivered)
Armour
 a - a +0 robe (worn)
 f - a +0 helmet (worn)
Scrolls
 d - a scroll of fear {unknown}
 e - a scroll of remove curse
 h - a scroll of enchant armour {unknown}
 j - a scroll of amnesia {unknown}
 l - 3 scrolls of immolation {unknown}
 p - a scroll of random uselessness {unknown}
 t - a scroll of blinking {unknown}
 u - a scroll of magic mapping {unknown}
 v - a scroll of noise {unknown}
Potions
 i - a potion of restore abilities {unknown}
 k - a potion of brilliance {unknown}
 m - 2 potions of curing {unknown}
 r - a potion of experience {unknown}
Books
 b - a book of Frost

   Spells                             Type                      Level
   a - Freeze                         Ice                          1
   b - Throw Frost                    Conjuration/Ice              2
   c - Ozocubu's Armour               Charms/Ice                   3
   d - Throw Icicle                   Conjuration/Ice              4
   e - Summon Ice Beast               Ice/Summoning                4
   f - Condensation Shield            Ice                          4
Comestibles
 c - 2 bread rations
 n - 2 beef jerkies
 o - a slice of pizza
 q - 2 meat rations
 s - 3 chunks of flesh
 w - 2 fruits


   Skills:
 * Level 2.2 Fighting
 + Level 1.5 Polearms
 + Level 3.9 Dodging
 + Level 2.8 Stealth
 * Level 3.2 Spellcasting
 * Level 1.7 Conjurations
 * Level 2.3 Charms
 * Level 4.9 Ice Magic


You had 5 spell levels left.
You knew the following spells:

 Your Spells              Type           Power        Failure   Level  Hunger
a - Freeze                Ice            ###.         2%          1    None
b - Ozocubu's Armour      Chrm/Ice       ##......     14%         3    ###....
q - Throw Frost           Conj/Ice       ##....       10%         2    ##.....


Dungeon Overview and Level Annotations

Branches:
Dungeon (4/15)
 Temple: D:4-7

Altars:
Ashenzari
Vehumet


Message History

You barely resist.
You hit the orc priest but do no damage.
The orc priest is lightly wounded.
The orc priest hits you with a war axe!
* * * LOW HITPOINT WARNING * * *
Casting: Freeze
Confirm with . or Enter, or press ? or * to list all spells.
Aiming: Freeze
Press: ? - help, Shift-Dir - straight line, f/p - orc priest
Aim: an orc priest, wielding a war axe and wearing a scale mail (lightly wounded)
You freeze the orc priest.
The orc priest is heavily wounded.
The orc wizard gestures wildly while chanting.
The orc wizard blinks!
You hit the orc priest.
The orc priest is severely wounded.
Your icy armour starts to melt.
The orc priest mumbles some strange prayers to Beogh against you.
Something smites you!
You die...

....)##.##.##.#
.....##.##....#
.....##.####..#
.....##.####..#
##.##.........#
#....#.####.## ####...# #.#
###
#####.#####.########......
##.##.#.#..÷....@o...§...#
#.#..###..##.##.####)......
.###.# ##....##........#._
..#..###..##.......#.....
##.##.#.#.##.##..#.#.....#
#...##.##.##.##..#.......
#...#####.............###
#...# ####.###.###......
#...# ####.###......##


You could see an orc priest.

Vanquished Creatures
  The ghost of xeno23 the Chiller, an average MfIE (D:3)
  4 orc wizards
  A worker ant (D:4)
  Jessica (D:2)
  3 gnolls (D:3)
  4 adders
  4 worms
  10 orcs
  A bat (D:1)
  7 hobgoblins
  3 jackals (D:4)
  7 kobolds
  3 quokkas
  2 giant cockroaches (D:2)
  4 giant newts
  8 goblins
  9 rats
72 creatures vanquished.

Notes
Turn   | Place    | Note
--------------------------------------------------------------
     0 | D:1      | xeno23, the Merfolk Ice Elementalist, began the quest for the Orb.
     0 | D:1      | Reached XP level 1. HP: 13/13 MP: 3/3
   416 | D:1      | Reached XP level 2. HP: 19/19 MP: 4/4
   432 | D:1      | Learned a level 2 spell: Throw Frost
  1128 | D:2      | Noticed Jessica
  1223 | D:2      | Reached XP level 3. HP: 11/25 MP: 0/6
  1418 | D:2      | Reached skill level 4 in Ice Magic
  1469 | D:2      | Killed Jessica
  1477 | D:2      | Reached skill level 1 in Conjurations
  1477 | D:2      | Reached XP level 4. HP: 18/31 MP: 0/8
  1553 | D:2      | Learned a level 3 spell: Ozocubu's Armour
  1943 | D:2      | Found a shattered altar of Ashenzari.
  2047 | D:2      | Became a worshipper of Ashenzari the Shackled
  2348 | D:3      | Reached skill level 1 in Fighting
  2348 | D:3      | Reached skill level 1 in Charms
  2348 | D:3      | Reached XP level 5. HP: 17/37 MP: 7/9
  2420 | D:3      | Noticed xeno23's ghost (average MfIE)
  2875 | D:3      | Killed xeno23's ghost
  3003 | D:3      | Reached XP level 6. HP: 39/44 MP: 2/13
  3593 | D:4      | Reached skill level 1 in Polearms
  3760 | D:4      | Found a radiant altar of Vehumet.
  3782 | D:4      | Killed from afar by an orc priest

Action                   |  1- 3 |  4- 6 || total
-------------------------+-------+-------++-------
Melee: Unarmed           |    23 |       ||    23
       Short sword       |    48 |   104 ||   152
       Spear             |       |    48 ||    48
Throw: Stone             |     4 |       ||     4
 Cast: Freeze            |    15 |    51 ||    66
       Throw Frost       |     8 |    15 ||    23
       Ozocubu's Armour  |       |     3 ||     3
 Stab: Sleeping          |       |     7 ||     7
       Distracted        |       |     1 ||     1
  Eat: Chunk             |     1 |    10 ||    11
